 Dungeon Crawl Stone Soup version 0.21.1-1-g345015f (webtiles) character file.

49 Mirai the Digger (level 3, 0/19 HPs)
             Began as a Gargoyle Earth Elementalist on Feb 27, 2018.
             Slain by a hobgoblin
             ... wielding a +0 club
              (2 damage)
             ... on level 2 of the Dungeon.
             The game lasted 00:03:31 (739 turns).

Mirai the Digger (Gargoyle Earth Elementalist)       Turns: 739, Time: 00:03:32

Health: 0/19       AC:  8    Str: 11    XL:     3   Next: 75%
Magic:  2/7        EV: 17    Int: 16    God:
Gold:   20         SH:  0    Dex: 15    Spells: 3/7 levels left

rFire    . . .     SeeInvis .   a - +0 mace
rCold    . . .     Gourm    .   (no shield)
rNeg     + . .     Faith    .   i - +0 leather armour
rPois    ∞         Spirit   .   (no helmet)
rElec    +         Reflect  .   (no cloak)
rCorr    .         Harm     .   (no gloves)
MR       .....                  (no boots)
Stlth    +++.......             (no amulet)
HPRegen  0.06/turn              j - +2 ring of protection
MPRegen  0.10/turn              (no ring)

@: agile
A: negative energy resistance 1, electricity resistance, unbreathing,
petrification resistance, rot immunity, AC +3
a: no special abilities


You were on level 2 of the Dungeon.
You were not hungry.

You visited 1 branch of the dungeon, and saw 2 of its levels.

You collected 20 gold pieces.

Inventory:

Hand Weapons
 a - a +0 mace (weapon)
 h - a +0 mace
Missiles
 b - 71 stones (quivered)
Armour
 c - a +0 robe
 f - a +0 robe
 i - a +0 leather armour (worn)
Jewellery
 j - a +2 ring of protection (left hand)
Scrolls
 k - 2 scrolls of identify {unknown}
Books
 e - a book of Geomancy

   Spells                             Type                      Level
   a - Sandblast                      Earth                        1
   b - Passwall                       Transmutation/Earth          2
   c - Stone Arrow                    Conjuration/Earth            3
   d - Petrify                        Transmutation/Earth          4
   e - Lee's Rapid Deconstruction     Earth                        5
Comestibles
 d - 2 rations


   Skills:
 + Level 0.1 Fighting
 + Level 0.1 Maces & Flails
 - Level 1.5 Dodging
 - Level 2.1 Stealth
 + Level 2.7 Spellcasting
 * Level 0.3 Conjurations
   Level 0.7 Transmutations
 + Level 4.7 Earth Magic


You had 3 spell levels left.
You knew the following spells:

 Your Spells              Type           Power        Failure   Level  Hunger
a - Sandblast             Erth           ###...       3%          1    #......
b - Stone Arrow           Conj/Erth      ##....       26%         3    ###....


Dungeon Overview and Level Annotations

Branches:
Dungeon (2/15)

Altars:


Innate Abilities, Weirdness & Mutations

You are resistant to torment.
Your stone body is resilient. (AC +3)
You are immune to poison.
You resist negative energy. (rN+)
You are resistant to electric shocks. (rElec)
You can survive without breathing.
You are immune to petrification.
You are immune to rotting.


Message History

The gnoll hits you with a flail of draining.
You hit the kobold.
You kill the kobold!
The hobgoblin closely misses you.
The gnoll hits you with a flail of draining.
You hit the adder.
The adder is heavily wounded.
The adder bites you but does no damage. The hobgoblin hits you with a club.
The gnoll hits you with a flail of draining.
* * * LOW HITPOINT WARNING * * *
The adder bites you but does no damage.
Unknown command.
As you read the scroll labeled NOWNUSEAF, it crumbles to dust.
You feel blessed for a moment.
It was a scroll of remove curse.
The hobgoblin closely misses you. The adder bites you but does no damage.
The gnoll barely misses you. The gnoll closely misses you.
It was a potion of agility.
You feel agile all of a sudden. The adder completely misses you.
The hobgoblin hits you with a club.
You die...

##...####.............#
....$.......#.....Kg##
...#....."....r......###
.. #.#.###>.#gs..w†....#
####...###..######)##....
#.....##...## #w# >
..###.##...# ###g#### #
#.##..## #ggK..$# #w##..#
#@#.##.# #...<.# #S#...
.. ##...## #....## ##
#w.%# ......
#....#.......##.##..
#.##†...#######.# ### #
#..#.# .# #.<#.# ..
#....#


You could see a worm, 2 gnolls, an adder, a hobgoblin and a kobold.

Vanquished Creatures
  2 oozes (D:1)
  2 leopard geckos (D:1)
  2 giant cockroaches (D:2)
  10 goblins
  4 hobgoblins (D:1)
  4 kobolds
  A quokka (D:2)
  5 bats
  2 frilled lizards (D:1)
  2 rats
34 creatures vanquished.

Notes
Turn   | Place    | Note
-------+----------+-------------------------------------------
     0 | D:1      | Mirai the Gargoyle Earth Elementalist began the quest for the Orb.
     0 | D:1      | Reached XP level 1. HP: 10/10 MP: 3/3
    84 | D:1      | Reached skill level 4 in Earth Magic
    84 | D:1      | Reached XP level 2. HP: 11/15 MP: 3/5
   334 | D:1      | Reached XP level 3. HP: 19/19 MP: 6/6
   491 | D:1      | Learned a level 3 spell: Stone Arrow
   739 | D:2      | Slain by a hobgoblin

Skill      XL: |  1 |
---------------+----+-----
Earth Magic    | 4 |  4.7
Fighting       | |  0.1
Maces & Flails | |  0.1
Dodging        | |  1.5
Stealth        | |  2.1
Spellcasting   | |  2.7
Conjurations   | |  0.3
Transmutations | |  0.7

Action                   || total
-------------------------++-------
Melee: Mace              ||    43
 Cast: Sandblast         ||    23
  Use: Scroll            ||     1
       Potion            ||     1
 Stab: Sleeping          ||     1
Armor: Robe              ||     5
       Leather armour    ||    30
Dodge: Dodged            ||    61
